 Dungeon Crawl Stone Soup version 0.14-b1-45-gfd36cc2 (webtiles) character file.

92 Broswagonist the Ruinous (level 3, 0/19 HPs)
             Began as a Deep Elf Conjurer on Apr 7, 2014.
             Succumbed to a kobold's poison
             ... on Level 2 of the Dungeon.
             The game lasted 00:08:16 (933 turns).

Broswagonist the Ruinous (Deep Elf Conjurer)         Turns: 933, Time: 00:08:17

HP   0/19        AC  3     Str  5      XL: 3   Next: 83%
MP   5/10        EV 13     Int 20      God:
Gold 31          SH  0     Dex 15      Spells:  3 memorised,  2 levels left

rFire  . . .     SeeInvis .     h - +0 short sword
rCold  + . .     Clarity  .     a - +0 robe
rNeg   . . .     Conserve .     (no shield)
rPois  .         rCorr    .     (no helmet)
rElec  .         rRot     .     m - +0 cloak
SustAb . .       Spirit   .     (no gloves)
rMut   .         Warding  .     (no boots)
Saprov . . .     Stasis   .     (no amulet)
MR     .....                    (no ring)
                                e - ring of protection from cold {unknown}

@: invisible, flying, lethally poisoned, very slightly contaminated, not
resistant to hostile enchantments, fairly stealthy
A: no striking features
a: no special abilities


You were on level 2 of the Dungeon.
You were not hungry.

You visited 1 branch of the dungeon, and saw 2 of its levels.

You collected 31 gold pieces.

Inventory:

Hand weapons
 h - a +0,+0 short sword (weapon)
Armour
 a - a +0 robe (worn)
 m - a +0 cloak (worn)
Comestibles
 b - 2 bread rations
 f - a rotting chunk of giant gecko flesh
 n - 2 rotting chunks of worm flesh
Scrolls
 d - a scroll of fog {unknown}
 i - 2 scrolls of identify
 j - 2 scrolls of remove curse
 k - a scroll of enchant weapon I {unknown}
Jewellery
 e - a ring of protection from cold (left hand) {unknown}
Books
 c - a book of Conjurations

   Spells                             Type                      Level
   *Magic Dart                        Conjuration                  1
   *Searing Ray                       Conjuration                  2
   *Dazzling Spray                    Conjuration/Hexes            3
   Fulminant Prism                    Conjuration/Hexes            4
   Iskenderun's Mystic Blast          Conjuration                  4
   Iskenderun's Battlesphere          Conjuration/Charms           5


   Skills:
 - Level 2.4 Dodging
 - Level 2.4 Stealth
 - Level 3.0 Spellcasting
 + Level 6.0 Conjurations


You had 2 spell levels left.
You knew the following spells:

 Your Spells              Type           Power        Failure   Level  Hunger
a - Magic Dart            Conj           ####         1%          1    None
b - Searing Ray           Conj           ####..       1%          2    ##.....
c - Dazzling Spray        Conj/Hex       ###.....     14%         3    ###....


Dungeon Overview and Level Annotations

Branches:
Dungeon (2/15)

Altars:


Message History

You are very lightly contaminated with residual magic.
Drink which item? (? for menu, Esc to quit)
You can't drink that!
Drink which item? (? for menu, Esc to quit)
You feel very buoyant.
You fly up into the air.
It was a potion of flight.
* * * LOW HITPOINT WARNING * * *
You feel sick.
Read which item? (? for menu, Esc to quit)
As you read the scroll labeled TWAULU FEASUF, it crumbles to dust.
It is a scroll of identify.
Identify which item? (\ to view known items) (? for menu, Esc to quit)
j - 2 scrolls of remove curse
* * * LOW HITPOINT WARNING * * *
You feel sick.
* * * LOW HITPOINT WARNING * * *
You feel sick.
* * * LOW HITPOINT WARNING * * *
You feel sick.
You die...

.....#.....'.........'.......####
.......#####.........#######.....
.....### #.........# ###### .....
#.........# ..... ######'####
.#### #..# #.## ##.# #.@# #(##
#...........# #...........+
#...........# +...........#
...........# ..........#
..)...g..


There were no monsters in sight!

Vanquished Creatures
  An adder (D:2)
  A worm (D:2)
  2 giant geckos (D:1)
  5 ball pythons (D:1)
  9 bats
  2 giant cockroaches (D:1)
  5 hobgoblins
  3 jackals (D:2)
  A giant newt (D:1)
  2 goblins
  6 kobolds
  3 rats
40 creatures vanquished.

Notes
Turn   | Place    | Note
--------------------------------------------------------------
     0 | D:1      | Broswagonist, the Deep Elf Conjurer, began the quest for the Orb.
     0 | D:1      | Reached XP level 1. HP: 10/10 MP: 5/5
   166 | D:1      | Reached XP level 2. HP: 15/15 MP: 4/8
   177 | D:1      | Reached skill level 5 in Conjurations
   482 | D:1      | Learned a level 2 spell: Searing Ray
   515 | D:1      | Reached XP level 3. HP: 19/19 MP: 5/10
   520 | D:1      | Learned a level 3 spell: Dazzling Spray
   851 | D:2      | Reached skill level 6 in Conjurations
   933 | D:2      | Succumbed to a kobold's poison

Action                   || total
-------------------------++-------
Melee: Short sword       ||     8
Throw: Dart              ||     1
 Cast: Magic Dart        ||    63
       Searing Ray       ||     3
       Dazzling Spray    ||     2
  Use: Potion            ||     2
       Scroll            ||     1
